 Dungeon Crawl Stone Soup version 0.30-a0-1074-g5db6f66fbb (webtiles) character file.

Game seed: 4938845461357614848

2580 jimonade the Grasshopper (level 9, -1/78 HPs)
             Began as a Naga Warper on Apr 13, 2023.
             Was a Follower of Cheibriados.
             Incinerated by a deep elf pyromancer (7 damage)
             ... with a sticky flame
             ... on level 8 of the Dungeon.
             The game lasted 00:28:52 (9919 turns).

jimonade the Grasshopper (Naga Warper)              Turns: 9919, Time: 00:28:53

Health: -1/78      AC:  9    Str: 17    XL:     9   Next: 58%
Magic:  13/13      EV: 16    Int: 16    God:    Cheibriados [*.....]
Gold:   455        SH:  0    Dex: 18    Spells: 6/13 levels left

rFire   . . .      SeeInvis +    a - +1 short sword (venom)
rCold   . . .      Faith    .    (no shield)
rNeg    . . .      Spirit   .    e - +0 acid dragon scales
rPois   +          Reflect  .    (no helmet)
rElec   .          Rampage  .    k - +0 cloak
rCorr   +                        H - +0 pair of gloves
Will    +....                    (no barding)
Stlth   +                        R - amulet of Ynejo {RegenMP +Blink}
HPRegen 0.33/turn                m - ring of resist corrosion
MPRegen 0.53/turn                u - +5 ring of evasion

@: on fire, glowing, very slow
A: AC +3, large, see invisible, deformed body, poison resistance, slowness 2,
spit poison 1, naga tail 1
a: Spit Poison, Renounce Religion, Evoke Blink, Bend Time


You were on level 8 of the Dungeon.
You worshipped Cheibriados.
Cheibriados was aware of your devotion.
You visited 2 branches of the dungeon, and saw 9 of its levels.
You also visited: Sewer.

You collected 603 gold pieces.
You spent 148 gold pieces at shops.

Inventory:

Hand Weapons
 a - a +1 short sword of venom (weapon)
 b - a +0 arbalest
 z - a +0 broad axe
 A - a +0 falchion
 M - a +0 long sword
 N - a +0 shortbow
Missiles
 d - 7 boomerangs of dispersal
 j - 7 poisoned darts
 B - a boomerang
 O - 4 atropa-tipped darts
Armour
 e - +0 acid dragon scales (worn)
 h - a +0 scale mail
 k - a +0 cloak (worn)
 p - a +0 ring mail
 H - a +0 pair of gloves (worn)
 J - a +0 leather armour of poison resistance
 K - a +0 ring mail of fire resistance
Magical Staves
 g - a staff of cold
Jewellery
 m - a ring of resist corrosion (left hand)
 u - a +5 ring of evasion (right hand)
 v - an amulet of guardian spirit
 P - a +6 ring of intelligence
 R - the amulet of Ynejo (around neck) {RegenMP +Blink}
   (You took it off a centaur on level 8 of the Dungeon)

   [amulet of magic regeneration]

   It increases your rate of magic regeneration.
   +Blink:    It lets you blink.
Wands
 F - a wand of polymorph (6)
 G - a wand of acid (5)
 L - a wand of flame (19)
 Q - a wand of charming (2)
Scrolls
 c - 2 scrolls of blinking
 f - 4 scrolls of fear
 t - 4 scrolls of immolation
 x - a scroll of magic mapping {unknown}
 y - a scroll of enchant armour {unknown}
 C - 3 scrolls of amnesia {unknown}
 D - 2 scrolls of fog
 E - a scroll of acquirement {unknown}
 I - 3 scrolls of identify
 S - a scroll of brand weapon {unknown}
Potions
 i - 5 potions of mutation
 l - a potion of heal wounds
 n - 4 potions of curing {unknown}
 o - 2 potions of flight {unknown}
 q - 2 potions of cancellation {unknown}
 r - 3 potions of might
 s - 2 potions of brilliance {unknown}
 w - a potion of berserk rage {unknown}


   Skills:
 + Level 4.3 Fighting
 + Level 4.5(5.7) Short Blades
 + Level 5.3(6.1) Long Blades
 + Level 1.1 Throwing
 + Level 3.2 Armour
 + Level 3.7 Dodging
 + Level 3.4 Stealth
 + Level 2.6 Spellcasting
 + Level 6.1 Translocations
 * Level 4.8 Ice Magic


You had 6 spell levels left.
You knew the following spells:

 Your Spells              Type           Power      Damage    Failure   Level
a - Blink                 Tloc           42%        N/A       3%          2
b - Lesser Beckoning      Tloc           42%        N/A       3%          2
c - Frozen Ramparts       Ice            34%        1d6       11%         3

Your spell library contained the following spells:

 Spells                   Type           Power      Damage    Failure   Level
 Freeze                   Ice            68%        1d8       3%          1
 Teleport Other           Tloc           21%        N/A       6%          3
 Manifold Assault         Tloc           21%        N/A       21%         4
 Vhi's Electric Charge    Tloc/Air       24%        N/A       22%         3
 Beastly Appendage        Tmut           4%         N/A       26%         1
 Hailstorm                Conj/Ice       9%         3d4       28%         3
 Wereblood                Tmut           2%         N/A       36%         2
 Spider Form              Tmut/Pois      2%         N/A       58%         3


Dungeon Overview and Level Annotations

Branches:
Dungeon (8/15)             Temple (1/1) D:6           Sewer (visited)
   Lair: D:8-11

Altars:
Ashenzari
Cheibriados
Elyvilon
Fedhas
Hepliaklqana
Kikubaaqudgha
Makhleb
Nemelex Xobeh
Okawaru
Qazlal
Ru
Sif Muna
Trog
Uskayaw
Xom
Yredelemnul
Zin
The Shining One

Shops:
D:5 (

Annotations:
D:8 1 runed translucent door, Aneyh's ghost, novice TeFi


Innate Abilities, Weirdness & Mutations

Your serpentine skin is tough. (AC +3)
You have supernaturally acute eyesight. (SInv)
Armour fits poorly on your strangely shaped body.
Your system is resistant to poisons. (rPois)
You cover ground very slowly.
You can spit poison.
You have a snake-like lower body.


Message History

You hit the deep elf pyromancer.
The deep elf pyromancer looks as sick as possible!
The deep elf pyromancer is moderately wounded.
The deep elf pyromancer mumbles some strange words.
The deep elf pyromancer blinks!
The fire elemental closely misses you.
The fire elemental completely misses you.
Your magical contamination has completely faded away.
The fire elemental completely misses you. x2
The deep elf pyromancer mumbles some strange words.
The fire elemental hits you. The fire elemental burns you!
The fire elemental misses you.
The deep elf pyromancer gestures at you while chanting.
The bolt of fire hits you!!
You hit the deep elf pyromancer but do no damage.
The deep elf pyromancer looks as sick as possible!
The deep elf pyromancer is heavily wounded.
The fire elemental disappears in a puff of smoke!
The fire elemental barely misses you.
You barely miss the deep elf pyromancer.
The deep elf pyromancer is heavily wounded.
The deep elf pyromancer misses you. The fire elemental hits you.
The fire elemental burns you!
* * * LOW HITPOINT WARNING * * *
You barely miss the deep elf pyromancer.
The deep elf pyromancer is heavily wounded.
The deep elf pyromancer points at you and mumbles some strange words.
The sticky flame hits you!
You are covered in liquid flames!
* * * LOW HITPOINT WARNING * * *
The fire elemental closely misses you.
Okay, then.
Unknown command.
Unknown command.
Aiming: Corrosive Bolt
Press: ? - help, Shift-Dir - straight line, f/p - deep elf pyromancer
Aim: a deep elf pyromancer, wielding a +0 long sword and wearing a +0 ring mail (heavily wounded, extremely poisoned, 64% to hit)
The bolt of acid hits the deep elf pyromancer!
The deep elf pyromancer is severely wounded.
You are covered in liquid flames!
You die...

............## #..#
...........(.#########..#
........................#
........#.#.###########.#
.......##...#..+$.:+ #.#
.......#....#.?+!..+ #.# #####
........##..#..+⌠..+ #.####...#
..#.....###.#..#'E'#..#..##....#
.##.#..## #.#..#@E.#..#........#
#...#..# #.#..#Ee○#..#.#.#..>.#
..###..# #.#..#○.○#..#...#....#
### #..# #.#..#○..#..#.##.....#
# #..# #.#..#...#..#........# ##
##.####.#..8...8..#.......##
.#####...##.............##....#
###....)..........#...####...##
#W#...##.#####...<##..# #...###


You could see a deep elf pyromancer (extremely poisoned) and 3 fire elementals.

Vanquished Creatures
  An acid dragon (D:7)
  2 orc warriors (D:7)
  3 water moccasins
  2 sky beasts
  A black bear (D:5)
  2 centaurs (D:8)
  An ogre (D:4)
  2 scorpions
  4 bullfrogs
  2 howler monkeys
  3 hounds
  6 jellies
  3 orc priests
  7 iguanas
  Ijyb (D:5)
  4 orc wizards
  11 adders
  A shadow imp (D:5)
  4 white imps
  3 ufetubi
  3 worms
  4 dart slugs
  27 orcs
  19 ball pythons
  18 endoplasms
  6 giant cockroaches
  6 goblins
  8 hobgoblins
  3 jackals (D:5)
  6 kobolds
  5 quokkas
  6 bats
  9 frilled lizards
  5 rats
188 creatures vanquished.

Vanquished Creatures (others)
  8 fungi (D:5)
8 creatures vanquished.

Grand Total: 196 creatures vanquished

Notes
Turn   | Place    | Note
-------+----------+-------------------------------------------
     0 | D:1      | jimonade the Naga Warper began the quest for the Orb.
     0 | D:1      | Reached XP level 1. HP: 19/19 MP: 3/3
    96 | D:1      | Reached skill level 1 in Throwing
   223 | D:1      | Reached XP level 2. HP: 25/26 MP: 5/5
   707 | D:1      | Reached XP level 3. HP: 20/33 MP: 6/6
   798 | D:1      | Reached skill level 1 in Armour
  1484 | D:2      | Found a faded altar of an unknown god.
  1591 | D:2      | Reached XP level 4. HP: 40/40 MP: 7/7
  2349 | D:3      | Found a glowing drain.
  2378 | Sewer    | Entered a sewer
  2473 | Sewer    | Reached skill level 1 in Ice Magic
  2686 | Sewer    | Reached XP level 5. HP: 32/46 MP: 8/8
  2926 | Sewer    | Reached skill level 1 in Stealth
  3008 | Sewer    | Found a viscous altar of Jiyva.
  3013 | Sewer    | Reached skill level 4 in Translocations
  3013 | Sewer    | Reached XP level 6. HP: 51/55 MP: 9/9
  3025 | Sewer    | Learned a level 2 spell: Blink
  3028 | Sewer    | Learned a level 2 spell: Lesser Beckoning
  3482 | D:3      | Found a faded altar of an unknown god.
  3507 | D:3      | Found an ancient bone altar of Kikubaaqudgha.
  3852 | D:4      | Found a bloodstained altar of Trog.
  4006 | D:4      | Noticed a water moccasin
  4025 | D:4      | Killed a water moccasin
  4026 | D:4      | Reached XP level 7. HP: 27/61 MP: 10/10
  4336 | D:4      | Found a hazy altar of Hepliaklqana.
  4724 | D:4      | Found a glowing golden altar of the Shining One.
  4971 | D:5      | Entered Level 5 of the Dungeon
  5152 | D:5      | Found Lugosm's Weapon Shoppe.
  5155 | D:5      | Bought a +1 short sword of venom for 148 gold pieces
  5280 | D:5      | Reached skill level 5 in Long Blades
  5332 | D:5      | Reached XP level 8. HP: 65/69 MP: 9/11
  5388 | D:5      | Reached skill level 1 in Short Blades
  5411 | D:5      | Reached skill level 5 in Translocations
  5700 | D:5      | Found a shimmering blue altar of Sif Muna.
  6012 | D:5      | Noticed Ijyb
  6032 | D:5      | Killed Ijyb
  6527 | D:6      | Learned a level 3 spell: Frozen Ramparts
  6673 | D:6      | Found a staircase to the Ecumenical Temple.
  6679 | Temple   | Entered the Ecumenical Temple
  6833 | Temple   | Became a worshipper of Cheibriados the Contemplative
  7231 | D:6      | Reached XP level 9. HP: 69/78 MP: 8/12
  7350 | D:6      | Found a stormy altar of Qazlal.
  7622 | D:7      | Found a glowing silver altar of Zin.
  7977 | D:7      | Reached skill level 6 in Translocations
  8320 | D:7      | Reached * piety under Cheibriados
  8839 | D:8      | Found a runed translucent door.
  8839 | D:8      | Found a shimmering altar of Xom.
  8839 | D:8      | Noticed Aneyh's ghost (novice TeFi)
  8839 | D:8      | Noticed a +0 spear of chaos
  9083 | D:8      | Identified the amulet of Ynejo {RegenMP +Blink}
  9906 | D:8      | Noticed a deep elf pyromancer
  9919 | D:8      | Incinerated by a deep elf pyromancer

Illustrated notes

Levels and vault maps discovered:
D:1:      saegor_arrival_under_anarchy, layout_loops_ring,
          minmay_split_cup_small
D:2:      layout_loops_corners, hellmonk_ecumenical_altar_arch_garden,
          serial_bayou_pond_c, minmay_pentomino_v2
D:3:      layout_basic, nicolae_overflow_ecumenical_swirl, portal_sewer_entry_d
D:4:      layout_loops_ring, tso_metal_star, mainiacjoe_overflow_24_doors,
          trog_three_pillars_becter
D:5:      layout_rooms, general_overflow_altar, serial_shops, kennysheep_mini,
          serial_aquarium, aquarium_bridge_square [aquarium_subvault_bridge,
          aquarium_subvault_window, aquarium_subvault_bridge,
          aquarium_subvault_bridge], aquarium_bridge_straight
          [aquarium_subvault_bridge, aquarium_subvault_window,
          aquarium_subvault_bridge, aquarium_subvault_window],
          aquarium_window_fake, aquarium_window_fake, aquarium_view_2d,
          aquarium_balcony_3b, aquarium_pool_side, st_stairs_3,
          grunt_ministairs_14, minivault_14, hangedman_abyss_or_decor_passed,
          minmay_fractal_squares_diagonal_5, uniq_ijyb
D:6:      layout_cave_pods, nicolae_qazlal_eye_of_the_storm,
          minmay_temple_entry_trees, minmay_misc_feat_iff
D:7:      layout_loops_cross, mainiacjoe_overflow_surrounded_room
D:8:      layout_layer_cave, ebering_ghost_xom, guppyfry_early_elven_hall
Temple:   nicolae_temple_bog_church

Skill      XL: |  1  2  3  4  5  6  7  8  9 |
---------------+----------------------------+-----
Throwing       | 1 |  1.1
Armour         | 1 2 3 |  3.2
Ice Magic      | 1 2 3 4 |  4.8
Long Blades    | 3 4 5 |  5.3
Stealth        | 1 2 3 |  3.4
Dodging        | 2 3 |  3.7
Translocations | 4 5 6 |  6.1
Fighting       | 3 4 |  4.3
Short Blades   | 3 4 |  4.5
Spellcasting   | |  2.6

Action                     |  1- 3 |  4- 6 |  7- 9 || total
---------------------------+-------+-------+-------++-------
  Melee: Falchion          |    93 |   308 |    68 ||   469
         Punch             |     1 |     5 |     8 ||    14
         Short sword       |       |       |   387 ||   387
   Cast: Lesser Beckoning  |       |       |    15 ||    15
         Blink             |       |       |     1 ||     1
Ability: Spit Poison       |    21 |    10 |    16 ||    47
  Evoke: Wand              |       |       |     3 ||     3
    Use: Scroll            |       |     9 |     4 ||    13
         Potion            |       |     1 |     2 ||     3
   Stab: Sleeping          |       |     1 |     5 ||     6
 Armour: Leather armour    |    13 |   109 |    51 ||   173
         Acid dragon scale |       |       |    25 ||    25
  Dodge: Dodged            |    40 |   189 |   307 ||   536

Table legend: (Time is in decaauts)
 A = Elapsed time spent in this place.
 B = Non-inter-level travel time spent in this place.
 C = Inter-level travel time spent in this place.
 D = Time resting spent in this place.
 E = Time spent auto-exploring this place.
 F = Levels seen in this place.
 G = Mean time per level.
                   A        B        C        D        E       F      G
               +--------+--------+--------+--------+--------+-----+--------+
         Total |  13322 |  12847 |    475 |   1245 |   7878 |  10 | 1332.2 |
       Dungeon |  12331 |  11914 |    417 |    970 |   7633 |   8 | 1541.4 |
        Temple |    242 |    185 |     57 |      0 |    170 |   1 |  242.0 |
         Sewer |    749 |    749 |      0 |    275 |     74 |   1 |  749.0 |
               +--------+--------+--------+--------+--------+-----+--------+

Top non-repeatable levels by time:
     D:8: 2000 daAuts
     D:4: 1816 daAuts
     D:7: 1784 daAuts
     D:6: 1611 daAuts
     D:2: 1378 daAuts
     D:5: 1311 daAuts
     D:1: 1275 daAuts
     D:3: 1152 daAuts
   Sewer: 749 daAuts
  Temple: 242 daAuts
